 Dungeon Crawl Stone Soup version 0.29-a0-542-g075992c915 (webtiles) character file.

Game seed: 10499190551251905953

401 vineage the Fighter (level 6, -17/44 HPs)
             Began as a Gargoyle Fighter on June 3, 2022.
             Was an Initiate of Okawaru.
             Demolished by an orc
             ... wielding a +1 whip of distortion
              (24 damage)
             ... on level 5 of the Dungeon.
             The game lasted 00:04:41 (4970 turns).

vineage the Fighter (Gargoyle Fighter)              Turns: 4970, Time: 00:04:42

Health: -17/44     AC: 11    Str: 19    XL:     6   Next: 85%
Magic:  6/6        EV:  9    Int:  9    God:    Okawaru [......]
Gold:   707        SH:  4    Dex: 11    Spells: 5/5 levels left

rFire   . . .      SeeInvis .   a - +0 flail
rCold   . . .      Faith    .   c - +0 buckler
rNeg    + . .      Spirit   .   b - +0 scale mail
rPois   ∞          Reflect  .   (no helmet)
rElec   +          Harm     .   (no cloak)
rCorr   .          Rampage  .   (no gloves)
Will    .....                   (no boots)
Stlth   ..........              (no amulet)
HPRegen 0.14/turn               (no ring)
MPRegen 0.10/turn               (no ring)

@: on berserk cooldown
A: sickness immunity, AC +4, negative energy resistance 1, electricity
resistance, torment resistance 1, petrification resistance
a: Renounce Religion


You were on level 5 of the Dungeon.
You worshipped Okawaru.
Okawaru was noncommittal.
You visited 1 branch of the dungeon, and saw 5 of its levels.
You also visited: Ossuary.

You collected 707 gold pieces.

Inventory:

Hand Weapons
 a - a +0 flail (weapon)
Armour
 b - a +0 scale mail (worn)
 c - a +0 buckler (worn)
Wands
 e - a wand of acid (8)
Scrolls
 d - 3 scrolls of fog
 f - 2 scrolls of identify
 i - a scroll of brand weapon {unknown}
 k - 2 scrolls of fear {unknown}
Potions
 g - a potion of brilliance {unknown}
 j - a potion of magic


   Skills:
 * Level 8.2 Fighting
 - Level 2.0 Maces & Flails
 - Level 3.3 Armour
 - Level 3.3 Shields


You had 5 spell levels left.
You didn't know any spells.
Your spell library contained the following spells:

 Spells                   Type           Power      Damage    Failure   Level
 Blade Hands              Tmut           0%         N/A       100%        5
 Iron Shot                Conj/Erth      0%         9d1       100%        6
 Animate Armour           Summ/Erth      Unusable   N/A       N/A         4

Dungeon Overview and Level Annotations

Branches:
Dungeon (5/15)            Ossuary (visited)
 Temple: D:4-7

Altars:
Okawaru
The Shining One


Innate Abilities, Weirdness & Mutations

You are immune to sickness and miasma.
Your stone body is resilient. (AC +4)
You are immune to poison.
You resist negative energy. (rN+)
You are resistant to electric shocks. (rElec)
You are resistant to unholy torment.
You are immune to petrification.


Message History

The orc priest hits you but does no damage.
You sock the orc priest!
You kill the orc priest!
Okawaru accepts your kill.
You start resting.
You feel a strong urge to attack something.
You start resting.
You feel your anger nearly subside.
You are no longer berserk.
You are exhausted.
You feel yourself slow down.
You start resting.
An orc comes into view. It is wielding a +0 short sword.
An orc is nearby!
The orc closely misses you. The orc hits you but does no damage.
You sock the orc!
You kill the orc!
Okawaru accepts your kill.
An orc wizard comes into view. It is wielding a +0 dagger.
The orc wizard shouts!
You hear a shout!
An orc comes into view. It is wielding a +0 trident.
Things that are here:
a +0 short sword; a +0 ring mail
There are monsters nearby!
Things that are here:
a +0 falchion; a +0 ring mail An orc comes into view.
It is wielding a +1 whip of distortion.
The orc wizard barely misses you. The orc wizard casts a spell at you.
The magic dart hits you but does no damage.
You barely miss the orc wizard. The orc wizard closely misses you.
The orc wizard hits you but does no damage.
You barely miss the orc wizard.
You feel yourself speed up.
The orc wizard hits you but does no damage.
The orc barely misses you. The orc wizard barely misses you.
The orc hits you with a +1 whip of distortion.
* * * LOW HITPOINT WARNING * * *
Space warps horribly around you!!
Ouch! That really hurt!
You die...

## ###. ###. #...
... #..o .. ... #..
#. #... #.. .##
#.... #.# #.## ...
#.####).###.# .....
#).o@.....# .....
#...#.o###...# .....
#....#..#.####.##
..... ....
##..###....# .....
### ### #.....#####
.....
#....###.....##.....
...## ##...#........
.. #...####...... .
#...# #......


You could see an orc wizard and an orc.

Vanquished Creatures
  2 jellies
  A hound (D:4)
  A human zombie (Ossuary)
  2 orc priests
  An orc wizard (D:4)
  A hound zombie (Ossuary)
  2 mummies (D:4)
  Robin (D:3)
  2 adders
  A white imp (D:3)
  An adder zombie (Ossuary)
  12 orcs
  6 endoplasms
  6 giant cockroaches
  8 hobgoblins
  4 jackals (D:2)
  8 kobolds
  5 quokkas
  6 ball pythons
  8 bats
  3 frilled lizards
  12 goblins
  A goblin skeleton (D:3)
  A goblin zombie (Ossuary)
  2 hobgoblin zombies (D:3)
  2 jackal zombies (Ossuary)
  A kobold skeleton (D:3)
  A kobold zombie (D:3)
  3 orc skeletons (D:3)
  4 orc zombies
  6 rats
114 creatures vanquished.

Notes
Turn   | Place    | Note
-------+----------+-------------------------------------------
     0 | D:1      | vineage the Gargoyle Fighter began the quest for the Orb.
     0 | D:1      | Reached XP level 1. HP: 14/14 MP: 1/1
    95 | D:1      | Found a faded altar of an unknown god.
   321 | D:1      | Reached XP level 2. HP: 15/20 MP: 2/2
   445 | D:1      | Reached skill level 4 in Fighting
   900 | D:1      | Reached XP level 3. HP: 24/24 MP: 3/3
  1365 | D:2      | Reached skill level 5 in Fighting
  1755 | D:2      | Identified a scroll of acquirement
  1755 | D:2      | Acquired 553 gold pieces
  1789 | D:3      | Reached XP level 4. HP: 29/31 MP: 4/4
  2208 | D:3      | Noticed Robin
  2238 | D:3      | Killed Robin
  2745 | D:3      | Found a glowing golden altar of the Shining One.
  3027 | D:3      | Reached skill level 6 in Fighting
  3065 | D:3      | Reached XP level 5. HP: 36/36 MP: 5/5
  3351 | D:4      | Found a sand-covered staircase.
  3362 | Ossuary  | Entered an ossuary
  3395 | Ossuary  | Reached skill level 7 in Fighting
  3396 | Ossuary  | HP: 1/38 [mummy (5)]
  3402 | D:4      | Reached XP level 6. HP: 2/44 MP: 6/6
  4193 | D:4      | Found an iron altar of Okawaru.
  4207 | D:4      | Became a worshipper of Warmaster Okawaru
  4901 | D:5      | Entered Level 5 of the Dungeon
  4943 | D:5      | Reached skill level 8 in Fighting
  4970 | D:5      | Demolished by an orc

Illustrated notes

Levels and vault maps discovered:
D:1:      ncdulo_smallfort, layout_basic, ebering_ecumenical_altar_rust,
          chequers_serial_rivers_small_b, minmay_misc_feat_alley
D:2:      layout_basic
D:3:      layout_basic, nicolae_tso_besieged_by_evil, serial_glass,
          glass_columns_a, glass_columns_a, glass_columns_b, glass_columns_a,
          glass_columns_c, glass_columns_a, minmay_tree_intersection, uniq_robin
D:4:      layout_rooms, mainiacjoe_overflow_24_doors, nicolae_ossuary_entry_giza
D:5:      layout_layer_cave, hangedman_abyss_or_decor_slice

Skill      XL: |  1  2  3  4  5  6 |
---------------+-------------------+-----
Fighting       | 4 5 6 7 8 |  8.2
Maces & Flails | |  2.0
Armour         | |  3.3
Shields        | |  3.3

Action                   |  1- 3 |  4- 6 || total
-------------------------+-------+-------++-------
Melee: Flail             |   138 |   202 ||   340
  Use: Scroll            |     8 |     1 ||     9
       Potion            |       |     5 ||     5
Armor: Scale mail        |   102 |   161 ||   263
Dodge: Dodged            |   110 |   141 ||   251
Block: Buckler           |    44 |    60 ||   104

Table legend: (Time is in decaauts)
 A = Elapsed time spent in this place.
 B = Non-inter-level travel time spent in this place.
 C = Inter-level travel time spent in this place.
 D = Time resting spent in this place.
 E = Time spent auto-exploring this place.
 F = Levels seen in this place.
 G = Mean time per level.
                   A        B        C        D        E       F      G
               +--------+--------+--------+--------+--------+-----+--------+
         Total |   5079 |   4936 |    143 |   1310 |   2827 |   6 |  846.5 |
       Dungeon |   5036 |   4893 |    143 |   1310 |   2827 |   5 | 1007.2 |
       Ossuary |     43 |     43 |      0 |      0 |      0 |   1 |   43.0 |
               +--------+--------+--------+--------+--------+-----+--------+

Top non-repeatable levels by time:
     D:4: 1698 daAuts
     D:1: 1129 daAuts
     D:2: 1113 daAuts
     D:3: 1014 daAuts
     D:5: 81 daAuts
 Ossuary: 43 daAuts
